Map: Triton LE

Players

pHARM - Winner!

  • Race: Zerg Zerg
  • League: Platinum
  • Spawn Location: 11:00

VOD

Have the link to the VOD?

Description

Time

  • Played on: Aug. 31, 2019, 9:01 p.m.
  • Length: 14:52
Show
View Real Time Build Order
Export as new Build Order

pHARM Zerg - Winner!

Build Orders:  

Get SALT Encoding   

  12  0:01  Drone  
  13  0:15  Drone  
  14  0:23  Overlord  
  14  0:50  Drone x3  
  17  1:21  Hatchery  
  17  1:28  Drone  
  17  1:29  Drone  
  18  1:35  Drone  
  19  1:55  Spawning Pool  
  18  2:01  Drone  
  19  2:24  Drone  
  19  2:26  Drone  
  21  2:36  Overlord  
  21  2:40  Hatchery  
  20  3:12  Drone x2  
  20  3:13  Drone  
  23  3:22  Drone  
  23  3:23  Drone, Queen  
  23  3:24  Queen  
  29  3:32  Drone  
  29  3:37  Overlord  
  30  3:47  Drone  
  31  3:55  Drone  
  32  4:04  Drone  
  32  4:09  Drone  
  34  4:21  Queen  
  34  4:22  Queen x2  
  34  4:24  Drone  
  34  4:25  Drone x2  
  43  4:38  Drone  
  43  4:39  Drone x2  
  46  4:52  Drone x3  
  49  5:15  Drone  
  49  5:18  Overlord x2  
  50  5:53  Drone x5  
  50  5:54  Drone x10  
  65  6:07  Extractor  
  65  6:08  Drone x3, Extractor  
  66  6:50  Extractor x2  
  66  6:59  Drone x2  
  66  7:21  Overlord x2  
  66  7:22  Overlord  
  66  7:29  Lair  
  66  7:53  Extractor  
  66  7:54  Extractor  
  64  8:03  Roach Warren  
  64  8:05  Evolution Chamber  
  64  8:08  Evolution Chamber  
  61  8:19  Drone  
  51  8:20  Drone x5  
  62  8:21  Drone x2  
  62  8:22  Drone  
  70  8:33  Drone  
  70  8:34  Drone x5  
  70  8:35  Drone  
  70  8:36  Drone  
  78  9:01  Infestation Pit  
  78  9:02  Hydralisk Den  
  78  9:03  Roach x4  
  78  9:04  Roach x3  
  78  9:06  Overlord x3  
  78  9:07  Overlord x2  
  90  9:17  Zerg Ground Armor Level 1, Zerg Missile Weapons Level 1  
  90  9:18  Glial Reconstitution  
  90  9:56  Roach  
  90  9:57  Roach x10  
  112  10:00  Hatchery  
  111  10:25  Roach  
  111  10:26  Roach x8  
  129  10:36  Overlord x3  
  129  11:03  Hydralisk x9  
  129  11:04  Hydralisk x2  
  129  11:06  Overlord  
  129  11:07  Overlord x3  
  151  11:28  Overlord x2  
  151  11:39  Hydralisk x6  
  163  11:53  Hive  
  163  12:11  Unknown  
  163  12:31  Hydralisk x8  
  163  12:32  Hydralisk x9  
  197  13:20  Drone  
  197  13:21  Drone x2  
  200  13:51  Unknown  
  200  14:24  Hatchery  
Tags
 
League
Platinum
Matchup
Co-op
Replay Pack
10.7.19
Add a new tag
Caveats
  • Supply blocks, unpowered buildings, or Contaminate may cause inaccurate times.
  • Supply counts are checked every 10 seconds.